 Dungeon Crawl Stone Soup version 0.18.1-8-gdd0e5ea (webtiles) character file.

1479 epen the Cleaver (level 8, -3/70 HPs)
             Began as a Hill Orc Fighter on May 21, 2016.
             Was a Follower of Beogh.
             Slain by an orc warrior
             ... wielding a +0 glaive
              (17 damage)
             ... on level 6 of the Dungeon.
             The game lasted 00:07:31 (5231 turns).

epen the Cleaver (Hill Orc Fighter)                 Turns: 5231, Time: 00:07:31

Health: -3/70      AC: 13    Str: 21    XL:     8   Next: 79%
Magic:  8/8        EV: 10    Int: 13    God:    Beogh [*.....]
Gold:   225        SH:  0    Dex: 12    Spells: 0 memorised, 7 levels left

rFire  . . .     SeeInvis .     a - +1 war axe
rCold  . . .     Gourm    .     v - +1 chain mail
rNeg   . . .     Faith    +     (no shield)
rPois  .         Spirit   .     (no helmet)
rElec  .         Dismiss  .     (no cloak)
rCorr  .         Reflect  .     (no gloves)
SustAt .         Harm     .     l - +0 pair of boots
MR     .....                    g - amulet of faith
Stlth  ..........               t - +5 ring of intelligence
                                o - +2 ring of dexterity

@: about to teleport, not resistant to hostile enchantments, extremely
unstealthy
A: no striking features
a: Renounce Religion


You were on level 6 of the Dungeon.
You worshipped Beogh.
Beogh was aware of your devotion.
You were near starving.

You visited 1 branch of the dungeon, and saw 6 of its levels.
You also visited: Sewer.

You collected 225 gold pieces.

Inventory:

Hand Weapons
 a - a +1 war axe (weapon)
Armour
 b - a +0 scale mail
 c - a +0 shield
 l - a +0 pair of boots (worn)
 v - a +1 chain mail (worn)
Jewellery
 g - an amulet of faith (around neck)
 o - a +2 ring of dexterity (left hand)
 t - a +5 ring of intelligence (right hand)
Scrolls
 e - 3 scrolls of remove curse
 h - a scroll of enchant weapon
 i - 2 scrolls of identify
 j - 7 scrolls of teleportation
 n - a scroll of magic mapping
 s - a scroll of noise
 y - a scroll of fear {unknown}
Potions
 d - 2 potions of might
 k - a potion of degeneration {unknown}
 m - a potion of agility
 p - a potion of flight {unknown}
 q - a potion of cure mutation {unknown}
 w - a potion of haste
 x - a potion of brilliance
 z - 2 potions of heal wounds {unknown}
 A - 2 potions of curing
Comestibles
 f - 5 bread rations
 r - a royal jelly


   Skills:
 + Level 6.1 Fighting
 * Level 8.6 Axes
 + Level 5.5 Armour
 * Level 5.0 Dodging
 - Level 3.2 Shields


You had 7 spell levels left.
You didn't know any spells.

Dungeon Overview and Level Annotations

Branches:
Dungeon (6/15)
 Temple: D:4-7

Altars:
Ashenzari
Kikubaaqudgha
Qazlal
Ru
Trog
Vehumet
The Shining One


Message History

You hit the orc priest but do no damage.
The orc priest is severely wounded.
The orc warrior hits you from afar with a glaive!
The orc priest calls down the wrath of Beogh upon you.
Pain shoots through your body!
* * * LOW HITPOINT WARNING * * *
You hit the orc priest.
You kill the orc priest!
Beogh accepts your kill.
Beogh appreciates your killing of a heretic priest.
The orc warrior hits you from afar with a glaive.
* * * LOW HITPOINT WARNING * * *
Drink which item? (? for menu, Esc to quit)
Okay, then.
Read which item? (? for menu, Esc to quit)
As you read the scroll of teleportation, it crumbles to dust.
You feel strangely unstable. The orc barely misses you.
The orc warrior hits you from afar with a glaive!
You die...
Beogh appreciates the orc warrior's killing of a heretic priest.

..). ....
###### ...
≈≈≈.≈## ..#
#####≈# .o
≈÷≈##≈# .##
###.#≈# #o#
#.#.#≈# #o####
#.#≈#≈# ##.#@#
≈##≈#≈# #oo##
###.#≈# ##.##
≈≈≈##≈# ##.##
####.#######.##
#........##
##.......##
#..#####..#
##..# ##.##


You could see an orc warrior and an orc.

Vanquished Creatures
  Pikel (D:4)
  Sigmund (D:3)
  3 ogres
  A centaur (D:5)
  A howler monkey (D:5)
  3 hounds
  2 orc priests (D:6)
  3 orc wizards
  4 worker ants
  8 adders
  3 worms
  6 giant geckos
  11 orcs
  5 giant cockroaches
  5 goblins
  5 hobgoblins
  9 jackals
  3 quokkas
  5 ball pythons (Sewer)
  8 bats
  4 giant newts
  14 kobolds
  11 rats
  A plant (Sewer)
117 creatures vanquished.

Vanquished Creatures (others)
  An ogre (D:4)
  A giant frog skeleton (D:4)
  An orc wizard (D:4)
  2 orc priests (D:4)
  A worker ant (D:4)
  An adder (D:3)
  5 orcs (D:4)
12 creatures vanquished.

Grand Total: 129 creatures vanquished

Notes
Turn   | Place    | Note
--------------------------------------------------------------
     0 | D:1      | epen the Hill Orc Fighter began the quest for the Orb.
     0 | D:1      | Reached XP level 1. HP: 19/19 MP: 1/1
    18 | D:1      | Reached skill level 3 in Axes
    43 | D:1      | Reached XP level 2. HP: 18/27 MP: 2/2
    90 | D:1      | Found a shattered altar of Ashenzari.
   423 | D:1      | Reached skill level 1 in Dodging
   568 | D:2      | Reached XP level 3. HP: 33/33 MP: 3/3
   586 | D:2      | Found a radiant altar of Vehumet.
   704 | D:2      | Found a sacrificial altar of Ru.
  1023 | D:2      | Reached skill level 4 in Axes
  1023 | D:2      | Reached XP level 4. HP: 40/40 MP: 4/4
  1607 | D:3      | Found an ancient bone altar of Kikubaaqudgha.
  1617 | D:3      | Noticed Sigmund
  1640 | D:3      | Killed Sigmund
  1640 | D:3      | Reached skill level 5 in Axes
  1640 | D:3      | Reached XP level 5. HP: 15/47 MP: 5/5
  1640 | D:3      | Reached XP level 6. HP: 17/53 MP: 6/6
  1886 | D:3      | Found a faded altar to an unknown god.
  2121 | D:3      | Found a stormy altar of Qazlal.
  2214 | D:4      | Found a bloodstained altar of Trog.
  2410 | D:4      | Reached skill level 6 in Axes
  2410 | D:4      | Reached XP level 7. HP: 46/60 MP: 7/7
  2598 | D:4      | Noticed Pikel
  2625 | D:4      | Killed Pikel
  2625 | D:4      | Reached skill level 5 in Fighting
  2625 | D:4      | Reached skill level 7 in Axes
  2625 | D:4      | Reached skill level 5 in Armour
  2625 | D:4      | Reached XP level 8. HP: 32/69 MP: 8/8
  2911 | D:4      | Became a worshipper of Beogh the Brigand
  3296 | D:5      | Entered Level 5 of the Dungeon
  3782 | D:5      | Reached skill level 8 in Axes
  4258 | D:5      | Found a glowing golden altar of the Shining One.
  4553 | D:6      | Found a glowing drain.
  4557 | Sewer    | Entered a sewer
  4719 | Sewer    | Reached * piety under Beogh
  5218 | D:6      | Reached skill level 5 in Dodging
  5231 | D:6      | Slain by an orc warrior

Skill      XL: |  1  2  3  4  5  6  7  8 |
---------------+-------------------------+-----
Axes           | 3 4 5 6 7 8 |  8.6
Dodging        | 1 2 3 4 5 |  5.0
Fighting       | 4 5 6 |  6.1
Armour         | 4 5 |  5.5
Shields        | |  3.2

Action                   |  1- 3 |  4- 6 |  7- 9 || total
-------------------------+-------+-------+-------++-------
Melee: War axe           |   130 |    94 |   250 ||   474
Invok: Convert to Beogh  |       |       |     1 ||     1
  Use: Potion            |       |     4 |       ||     4
       Scroll            |       |       |    13 ||    13
  Eat: Chunk             |     1 |     2 |     9 ||    12
       Pizza             |       |     1 |       ||     1
Armor: Scale mail        |    94 |    44 |       ||   138
       Skin              |       |     9 |       ||     9
       Chain mail        |       |       |   130 ||   130
Dodge: Dodged            |    72 |    32 |   114 ||   218
